 Dungeon Crawl Stone Soup version 0.27-a0-1181-g5f64966fcc (webtiles) character file.

Game seed: 11495860871000783574

16 bande the Shield-Bearer (level 2, -3/20 HPs)
             Began as a Gargoyle Fighter on May 17, 2021.
             Slain by a gnoll
             ... wielding a +0 spear
              (5 damage)
             ... on level 1 of the Dungeon.
             The game lasted 00:00:31 (219 turns).

bande the Shield-Bearer (Gargoyle Fighter)           Turns: 219, Time: 00:00:31

Health: -3/20      AC:  9    Str: 19    XL:     2   Next: 54%
Magic:  2/2        EV:  7    Int:  8    God:
Gold:   0          SH:  9    Dex:  9    Spells: 1/1 levels left

rFire    . . .     SeeInvis +   a - +0 war axe
rCold    . . .     Faith    .   c - +0 kite shield
rNeg     + . .     Spirit   .   b - +0 scale mail
rPois    ∞         Reflect  .   (no helmet)
rElec    +         Harm     .   (no cloak)
rCorr    .         Rampage  .   (no gloves)
Will     .....                  (no boots)
Stlth    ..........             (no amulet)
HPRegen  0.06/turn              e - ring of see invisible
MPRegen  0.08/turn              (no ring)

@: mighty
A: sickness immunity, AC +2, negative energy resistance 1, electricity
resistance, torment resistance 1, petrification resistance
a: no special abilities


You were on level 1 of the Dungeon.
You visited 1 branch of the dungeon, and saw 1 of its levels.

Inventory:

Hand Weapons
 a - a +0 war axe (weapon)
Armour
 b - a +0 scale mail (worn)
 c - a +0 kite shield (worn)
Jewellery
 e - a ring of see invisible (left hand)


   Skills:
 + Level 3.6 Fighting
 + Level 1.7 Axes
 + Level 3.4 Armour
 + Level 0.1 Dodging
 + Level 3.7 Shields


You had one spell level left.
You didn't know any spells.
Your spell library was empty.

Dungeon Overview and Level Annotations

Branches:
Dungeon (1/15)

Altars:


Innate Abilities, Weirdness & Mutations

You are immune to sickness and miasma.
Your stone body is resilient. (AC +2)
You are immune to poison.
You resist negative energy. (rN+)
You are resistant to electric shocks. (rElec)
You are resistant to unholy torment.
You are immune to petrification.


Message History

The jackal is moderately wounded.
The jackal closely misses you. You block the gnoll's attack.
The jackal bites you but does no damage.
You slash the jackal!
You kill the jackal!
The gnoll hits you but does no damage. The gnoll barely misses you.
You block the kobold's attack.
You closely miss the kobold.
The gnoll hits you from afar with a +0 spear.
* * * LOW HITPOINT WARNING * * *
The kobold hits you but does no damage. The gnoll hits you but does no damage.
You are too injured to fight recklessly!
You are too injured to fight recklessly!
You are too injured to fight recklessly!
You are too injured to fight recklessly!
You are too injured to fight recklessly!
You are too injured to fight recklessly!
You are too injured to fight recklessly!
You are too injured to fight recklessly!
You are too injured to fight recklessly!
You are too injured to fight recklessly!
You barely miss the kobold. The kobold hits you but does no damage.
The gnoll hits you but does no damage. The kobold hits you with a +0 dagger.
* * * LOW HITPOINT WARNING * * *
Unknown command.
You barely miss the kobold.
The gnoll hits you from afar with a +0 spear.
* * * LOW HITPOINT WARNING * * *
You block the kobold's attack. The gnoll hits you but does no damage.
The kobold hits you with a +0 dagger.
* * * LOW HITPOINT WARNING * * *
You closely miss the kobold. The gnoll barely misses you.
The kobold hits you but does no damage. The gnoll hits you but does no damage.
You feel very mighty all of a sudden. You block the kobold's attack.
You block the gnoll's attack.
You slash the kobold!
You kill the kobold!
The gnoll hits you but does no damage. You block the quokka's attack.
The gnoll hits you from afar with a +0 spear.
You die...

#..#...# ###...#...#
..#...# #.8........ #.#...#
+......##.# #.#.[.#
+.......... #.....#
#.8......## #....#...#
###.....#.. #....#...#
#....#...#
#....#..g########....##..#.
#..(.#...r@................
#..>.#...###....⌠...#...##.
#....#.... ......#....#..
##.#.#..... .............
####### ############


You could see a gnoll and a quokka.

Vanquished Creatures
  A bat (D:1)
  An endoplasm (D:1)
  A goblin (D:1)
  A hobgoblin (D:1)
  6 jackals (D:1)
  2 kobolds (D:1)
  A rat (D:1)
13 creatures vanquished.

Notes
Turn   | Place    | Note
-------+----------+-------------------------------------------
     0 | D:1      | bande the Gargoyle Fighter began the quest for the Orb.
     0 | D:1      | Reached XP level 1. HP: 14/14 MP: 1/1
   151 | D:1      | Reached XP level 2. HP: 19/19 MP: 2/2
   219 | D:1      | Slain by a gnoll

Illustrated notes

Levels and vault maps discovered:
D:1:      erik_arrival_cave_to_civilisation [erik_arrival_cave_to_temple],
          layout_rooms, serial_shops, nicolae_shop_trees,
          amcnicky_mini_rare_corridor_liquid, minmay_split_cup_small

Action                   || total
-------------------------++-------
Melee: War axe           ||    45
  Use: Potion            ||     1
Armor: Scale mail        ||    39
Dodge: Dodged            ||    19
Block: Kite shield       ||    26

Table legend: (Time is in decaauts)
 A = Elapsed time spent in this place.
 B = Non-inter-level travel time spent in this place.
 C = Inter-level travel time spent in this place.
 D = Time resting spent in this place.
 E = Time spent auto-exploring this place.
 F = Levels seen in this place.
 G = Mean time per level.
                   A        B        C        D        E       F      G
               +--------+--------+--------+--------+--------+-----+--------+
         Total |    246 |    246 |      0 |      0 |    154 |   1 |  246.0 |
       Dungeon |    246 |    246 |      0 |      0 |    154 |   1 |  246.0 |
               +--------+--------+--------+--------+--------+-----+--------+

Top non-repeatable levels by time:
     D:1: 246 daAuts
